Map: Lerilak Crest

Players

Nexium

  • Race: Terran Terran

HydrO

  • Race: Terran Terran
  • League: Diamond

Yourscrewed

  • Race: Zerg Zerg

Manta

  • Race: Zerg Zerg
  • League: Silver

VOD

Have the link to the VOD?

Description

Time

  • Played on: Feb. 19, 2016, 6:30 p.m.
  • Length: 14:24
Show
View Real Time Build Order
Export as new Build Order

Nexium Terran 

Build Orders: MMM Bio 

Get SALT Encoding   

  12  0:00  SCV  
  13  0:13  SCV  
  14  0:22  Supply Depot  
  14  0:25  SCV  
  15  0:37  Refinery  
  15  0:44  SCV  
  15  0:48  Barracks  
  16  0:56  SCV  
  17  1:08  SCV  
  18  1:20  SCV  
  19  1:38  Command Center  
  19  1:48  Marine  
  21  1:55  Supply Depot  
  21  1:59  Orbital Command  
  20  2:06  Marine  
  21  2:15  Bunker  
  21  2:24  Factory  
  21  2:31  Marine  
  22  2:38  Bunker  
  22  2:41  SCV  
  22  2:54  Supply Depot  
  22  3:00  Marine  
  23  3:16  Orbital Command  
  23  3:18  Hellion  
  24  3:57  Supply Depot  
  24  4:02  Hellion  
  26  4:05  Barracks Reactor  
  26  4:08  SCV  
  26  4:09  SCV  
  28  4:20  Refinery, SCV  
  28  4:23  Hellion  
  28  4:24  SCV  
  32  4:33  SCV  
  33  4:44  SCV  
  36  4:45  Hellion  
  36  4:46  Marine x2  
  36  5:05  Marine x2  
  38  5:07  Hellion  
  38  5:18  Command Center  
  38  5:23  Starport  
  38  5:25  Barracks  
  38  5:38  SCV  
  38  5:42  Hellion x2  
  43  5:50  SCV  
  43  5:52  Orbital Command  
  43  5:55  Barracks Reactor  
  44  6:02  SCV  
  44  6:15  SCV  
  44  6:17  Hellion x2  
  44  6:18  Starport Tech Lab  
  49  6:19  Barracks Tech Lab  
  49  6:21  Barracks  
  49  6:22  SCV  
  50  6:27  SCV  
  50  6:30  Orbital Command  
  50  6:31  Supply Depot  
  51  6:35  SCV  
  51  6:36  Marine x2  
  51  6:39  Marine, SCV  
  56  6:41  Stimpack  
  56  6:42  Banshee  
  56  6:43  Cloaking Field  
  56  6:47  SCV  
  60  6:51  Engineering Bay  
  60  6:59  Marauder, Marine  
  63  7:02  SCV x2  
  63  7:04  SCV, Barracks  
  66  7:11  Marine  
  66  7:14  SCV x2  
  69  7:15  Refinery  
  69  7:17  SCV  
  69  7:21  Factory Tech Lab  
  69  7:22  Marine  
  70  7:24  Barracks Reactor  
  70  7:26  SCV x2  
  70  7:27  Terran Infantry Weapons Level 1  
  70  7:29  SCV  
  74  7:30  Engineering Bay  
  74  7:32  Refinery  
  74  7:35  Marine x2  
  76  7:47  Banshee  
  75  7:52  Marine, Siege Tank  
  75  7:55  Marine x2  
  75  7:56  Marine  
  75  7:57  Marine  
  76  7:59  Marine  
  76  8:02  Marine  
  76  8:04  SCV x2  
  73  8:10  Marine  
  69  8:13  Marine  
  69  8:15  Marine  
  64  8:20  Marine  
  53  8:32  Marine, SCV  
  53  8:33  Marine  
  49  8:35  Marine  
  46  8:47  Marine x2  
  46  8:48  Marine x2  
  50  8:50  Marine  
  50  8:51  Orbital Command  
  48  9:05  Liberator  
  48  9:06  SCV x2  
  49  9:19  Marine x3  
  49  9:20  Marine x2  
  49  9:23  Siege Tank  
  49  9:24  Marine x2  
  61  9:26  Combat Shields  
  61  9:28  SCV  
  61  9:29  SCV x2  
  65  9:37  Marine x2  
  67  9:39  Terran Infantry Armor Level 1  
  67  9:40  SCV  
  67  9:41  SCV x2  
  67  9:43  Marine, Armory  
  71  9:47  Marine x2  
  71  9:51  Marauder  
  75  9:53  Marine  
  75  9:55  Marine  
  77  10:08  Refinery  
  77  10:09  Refinery  
  77  10:18  Starport Reactor  
  77  10:19  Supply Depot, Barracks  
  77  10:21  Supply Depot  
  77  10:22  Marauder, Marine x2, SCV  
  82  10:30  Siege Tank  
  82  10:35  Supply Depot  
  85  10:41  Marine x4, SCV x2  
  92  10:42  Marine  
  92  10:43  Marine  
  92  10:47  Terran Vehicle Weapons Level 1  
  94  10:53  SCV  
  94  10:54  SCV  
  94  10:56  Orbital Command  
  95  11:06  Marine x5, SCV  
  95  11:07  Medivac, Marine  
  95  11:08  Medivac  
  106  11:13  Marauder, Marine  
  106  11:17  Concussive Shells  
  109  11:21  SCV  
  109  11:22  SCV x2  
  109  11:28  Missile Turret  
  109  11:33  Missile Turret  
  109  11:45  Marine  
  109  11:46  SCV  
  109  11:49  Marine x2  
  109  11:52  Medivac  
  109  11:54  Missile Turret  
  109  11:57  Missile Turret  
  109  12:00  Orbital Command  
  109  12:11  Supply Depot, Marine  
  109  12:12  Marine  
  109  12:13  Medivac, Marine x6  
  115  12:29  Marine  
  116  12:30  Marine  
  116  12:32  Orbital Command  
  116  12:33  Marine x5  
  109  12:50  SCV x2  
  111  12:52  Missile Turret, Marine x4  
  111  12:56  Marine  
  116  13:00  SCV  
  116  13:02  SCV  
  118  13:05  SCV  
  118  13:07  Marine x2  
  118  13:09  Siege Tank  
  116  13:14  Marine x2  
  101  13:21  Marine x4  
  101  13:25  Marine x2  
  85  13:32  Marine x2  
  87  13:36  SCV x2  
  87  13:39  Marine x3  
  90  13:46  Marine  
  91  13:54  Marine  
  94  13:55  Marine  
  94  13:56  Marine  
  97  14:15  Command Center  
  98  14:23  Missile Turret  
Show
View Real Time Build Order
Export as new Build Order

HydrO Terran 

Build Orders:  

Get SALT Encoding   

  12  0:01  Drone  
  13  0:12  Extractor  
  12  0:26  Spawning Pool  
  11  0:29  Drone  
  11  0:33  Drone  
  13  0:45  Overlord  
  13  0:55  Drone  
  14  1:14  Zergling x6  
  14  1:15  Metabolic Boost  
  17  1:26  Zergling x2  
  18  1:36  Zergling x2  
  19  1:48  Zergling x2  
  20  1:58  Zergling x2  
  20  2:00  Baneling Nest  
  20  2:03  Queen  
  22  2:10  Overlord  
  22  2:28  Zergling x2  
  23  2:30  Zergling x2  
  24  2:42  Zergling x2  
  25  2:44  Baneling x4  
  25  2:45  Baneling  
  25  2:53  Zergling x2  
  23  3:07  Zergling x2  
  22  3:14  Baneling x2  
  22  3:15  Zergling x2  
  22  3:18  Zergling x6  
  24  3:40  Baneling x2  
  23  3:44  Zergling x4  
  22  3:56  Drone  
  22  3:57  Drone x3  
  26  4:07  Drone  
  27  4:16  Drone  
  28  4:31  Hatchery  
  28  4:34  Drone  
  28  4:38  Drone  
  29  4:47  Overlord  
  29  4:55  Drone x2  
  28  5:00  Drone  
  29  5:07  Drone  
  29  5:08  Drone  
  29  5:10  Drone  
  32  5:16  Roach Warren  
  32  5:20  Extractor  
  30  5:23  Drone  
  31  5:29  Drone  
  32  5:40  Drone x3  
  35  5:49  Queen  
  37  5:53  Drone  
  37  5:56  Drone  
  39  6:02  Drone  
  40  6:05  Overlord  
  40  6:08  Drone  
  41  6:14  Roach  
  41  6:19  Spine Crawler  
  41  6:21  Overlord  
  41  6:24  Zergling x2  
  41  6:29  Roach  
  43  6:36  Roach x2  
  47  6:41  Roach  
  47  6:42  Roach  
  51  6:48  Roach  
  51  6:49  Roach  
  55  6:56  Roach x2  
  59  7:05  Lair  
  59  7:09  Overlord x2  
  59  7:13  Overlord  
  59  7:20  Drone x2, Extractor x2  
  59  7:26  Overlord  
  59  7:29  Drone  
  60  7:30  Drone  
  60  7:32  Drone  
  60  7:35  Drone  
  63  7:38  Drone  
  64  7:49  Overlord  
  63  8:05  Drone x5, Roach x3  
  72  8:22  Hatchery  
  70  8:33  Spore Crawler  
  70  8:34  Spore Crawler x3  
  59  8:36  Overseer  
  56  8:43  Zergling x12  
  45  9:10  Spire  
  44  9:18  Drone x6  
  48  9:29  Zergling x6  
  51  9:35  Overseer  
  49  9:56  Centrifical Hooks  
  49  10:02  Drone x3  
  52  10:10  Extractor  
  51  10:15  Queen  
  51  10:20  Drone x3, Overlord  
  56  10:21  Drone x2  
  56  10:22  Drone x2  
  56  10:23  Drone x2  
  56  10:25  Drone  
  63  10:29  Mutalisk  
  65  10:41  Mutalisk  
  65  10:42  Mutalisk  
  69  10:52  Mutalisk x2  
  69  10:55  Queen  
  75  11:00  Mutalisk  
  75  11:04  Drone x3  
  78  11:06  Drone  
  80  11:11  Mutalisk  
  80  11:12  Mutalisk  
  80  11:16  Mutalisk  
  86  11:19  Drone  
  86  11:21  Zergling x2  
  86  11:22  Zergling x2  
  89  11:27  Evolution Chamber  
  89  11:28  Evolution Chamber  
  87  11:34  Drone x3  
  87  11:35  Drone  
  87  11:38  Mutalisk, Extractor  
  92  11:42  Zerg Flyer Armor Level 1  
  92  11:44  Zergling x2  
  92  11:45  Drone  
  94  11:49  Mutalisk  
  96  11:55  Zergling x4  
  96  11:56  Overlord  
  98  12:04  Baneling  
  98  12:05  Overlord, Baneling x5  
  98  12:06  Overlord  
  98  12:18  Baneling x4  
  98  12:22  Baneling x5  
  94  12:23  Baneling  
  94  12:25  Zergling x16  
  82  12:42  Zergling x8  
  82  12:43  Zergling x6  
  91  12:45  Baneling x2  
  91  12:46  Baneling  
  91  12:47  Baneling x2  
  87  12:53  Zergling x2  
  87  12:57  Zergling x4  
  87  13:01  Baneling  
  87  13:02  Baneling x14  
  62  13:23  Mutalisk x5  
  62  13:31  Mutalisk x3  
  68  13:45  Hatchery  
  67  13:50  Zergling x2  
  67  13:51  Zergling x6  
Show
View Real Time Build Order
Export as new Build Order

Yourscrewed Zerg 

Build Orders:  

Get SALT Encoding   

Show
View Real Time Build Order
Export as new Build Order

Manta Zerg 

Build Orders:  

Get SALT Encoding   

Tags
 
Composition
MMM Bio
Replay Pack
sc2sc2
Add a new tag
Caveats
  • Supply blocks, unpowered buildings, or Contaminate may cause inaccurate times.
  • Supply counts are checked every 10 seconds.